AoeStats
← nico3010

QS Arena

503258282Analyzed
1v1 RM · 2mo ago on Aug 30, 2026· 49m 55s· 2 players
Game mode
Random Map
Map size
Tiny (2 player)
Population
200
Speed
Normal
Resources
Standard
Victory
Conquest
Starting age
Dark Age
Ending age
Imperial Age
RankedLock teamsTeams togetherTeam positionsShared explorationLock speedFull tech treeHidden civsTurbo modeCheats
Victory
Defeat
🇺🇾 Spanish · Uruguay
922
+17
vs
🇹🇼 Mongols · Taiwan
953
-17
nico3010
0:54 Loom
8:52 Feudal Age
9:28 Double-Bit Axe
17:22 Castle Age
16:43 Scale Barding Armor
16:51 Bloodlines
19:10 Husbandry
19:34 Chain Barding Armor
24:57 Horse Collar
28:58 Wheelbarrow
37:08 Hand Cart
42:16 Imperial Age
41:46 Forging
42:21 Cavalier
44:55 Iron Casting
47:07 Chemistry
47:42 Plate Barding Armor
48:09 Blast Furnace
OAO
8:42 Feudal Age
8:55 Loom
10:19 Horse Collar
14:06 Castle Age
12:50 Double-Bit Axe
14:07 Scale Barding Armor
17:52 Chain Barding Armor
19:40 Stone Mining
24:00 Fletching
24:11 Murder Holes
27:15 Wheelbarrow
27:32 Bodkin Arrow
28:20 Padded Archer Armor
29:11 Gold Mining
30:49 Leather Archer Armor
31:49 Ballistics
33:48 Town Watch
34:49 Gold Shaft Mining
38:46 Imperial Age
39:49 Conscription
40:26 Hand Cart
41:31 Chemistry
50:29 Bracer
Connection lost

Rejoining the realm…

Still unreachable

The connection could not be restored.

Session expired

The server has moved on; the page needs a fresh start.